 Dungeon Crawl Stone Soup version 0.29-a0-378-gc08b2e8bf8 (webtiles) character file.

Game seed: 1920847312285171353

70 zeratav the Skirmisher (level 4, -1/29 HPs)
             Began as a Kobold Enchanter on May 4, 2022.
             Slain by an adder (3 damage)
             ... on level 3 of the Dungeon.
             The game lasted 00:03:14 (2206 turns).

zeratav the Skirmisher (Kobold Enchanter)           Turns: 2206, Time: 00:03:14

Health: -1/29      AC:  5    Str:  5    XL:     4   Next: 44%
Magic:  7/7        EV: 12    Int: 16    God:
Gold:   141        SH:  0    Dex: 17    Spells: 7/7 levels left

rFire   + . .      SeeInvis .   a - +1 dagger {short}
rCold   . . .      Faith    .   (no shield)
rNeg    . . .      Spirit   .   b - +0 robe
rPois   .          Reflect  .   g - +1 helmet
rElec   .          Harm     .   r - +0 cloak
rCorr   .          Rampage  .   (no gloves)
Will    .....                   (no boots)
Stlth   ++++......              (no amulet)
HPRegen 0.09/turn               k - ring of protection from fire
MPRegen 0.10/turn               l - ring of flight

@: flying, constricted
A: small, no large weapons, nightstalker 3
a: no special abilities


You were on level 3 of the Dungeon.
You visited 1 branch of the dungeon, and saw 3 of its levels.

You collected 141 gold pieces.


Innate Abilities, Weirdness & Mutations

You are small and have problems with some larger weapons.
You are completely attuned to the shadows.


   Skills:
 + Level 4.1 Fighting
 - Level 1.3 Short Blades
 - Level 2.4 Dodging
 - Level 4.0 Stealth
 - Level 2.1 Spellcasting
 - Level 3.0 Hexes


You had 7 spell levels left.
You didn't know any spells.
Your spell library contained the following spells:

 Spells                   Type           Power      Damage    Failure   Level
 Ensorcelled Hibernation  Hex/Ice        12%        N/A       17%         2
 Confusing Touch          Hex            11%        N/A       19%         3
 Tukima's Dance           Hex            11%        N/A       19%         3
 Dazzling Flash           Conj/Hex       12%        N/A       32%         3

Inventory:

Hand Weapons
 a - a +1 dagger (weapon) {short}
Armour
 b - a +0 robe (worn)
 g - a +1 helmet (worn)
   (You found it on level 2 of the Dungeon)
 i - a +0 chain mail
   (You found it on level 2 of the Dungeon)
 r - a +0 cloak (worn)
   (You found it on level 3 of the Dungeon)
 s - a +0 robe
   (You found it on level 3 of the Dungeon)
Jewellery
 k - a ring of protection from fire (left hand)
   (You found it on level 2 of the Dungeon)
 l - a ring of flight (right hand)
   (You found it on level 2 of the Dungeon)
 p - a ring of positive energy
   (You found it on level 3 of the Dungeon)
Scrolls
 d - 3 scrolls of teleportation {unknown}
 f - 3 scrolls of identify {unknown}
 m - 2 scrolls of enchant weapon {unknown}
 n - a scroll of torment {unknown}
Potions
 c - 2 potions of invisibility
 e - a potion of curing {unknown}
 h - a potion of flight {unknown}
 j - a potion of haste {@q3}
 o - a potion of heal wounds {unknown}
 q - a potion of attraction {unknown}

Dungeon Overview and Level Annotations

Branches:
Dungeon (3/15)

Altars:

Shops:
D:2 [

Annotations:
D:2 1 runed translucent door, Crazy Yiuf

#.# #.# #.# #.#
#.# ...# †.#
...# ###
#####...
##########<..SS#
#...........)@S#
#)....####.#)###
#.........†....
##
#.....####.#.#.#
.###.....#
#.#.#..
.......... #.# #
####....# #.#.##
#...#


You could see 2 adders and a ball python.


Message History

You hit the orc. The goblin closely misses you.
The orc hits you with a +0 club.
HP[-2]
You take 2 damage, and now have 27/29 hp.
You hit the orc. The goblin hits you but does no damage.
The orc closely misses you.
You closely miss the orc. You hit the orc.
You kill the orc!
The goblin hits you but does no damage.
You hit the adder. The goblin misses you. The adder bites you.
HP[-4]
You take 4 damage, and now have 23/29 hp.
You hit the adder. The adder bites you but does no damage.
The goblin hits you but does no damage. The adder closely misses you.
You miss the adder. The goblin hits you with a +0 dagger.
The adder barely misses you.
HP[-2]
You take 2 damage, and now have 21/29 hp.
You are too injured to fight recklessly!
You are too injured to fight recklessly!
You are too injured to fight recklessly!
You are too injured to fight recklessly!
You are too injured to fight recklessly!
You are too injured to fight recklessly!
You are too injured to fight recklessly!
You are too injured to fight recklessly!
You are too injured to fight recklessly!
You are too injured to fight recklessly!
You are too injured to fight recklessly!
You are too injured to fight recklessly!
You are too injured to fight recklessly!
You are too injured to fight recklessly!
You are too injured to fight recklessly!
You are too injured to fight recklessly!
You are too injured to fight recklessly!
You are too injured to fight recklessly!
You miss the adder. The goblin hits you but does no damage.
The adder misses you.
HP[+1]
You hit the adder but do no damage. The adder closely misses you.
The goblin hits you with a +0 dagger.
HP[-3]
You take 3 damage, and now have 19/29 hp.
You hit the adder.
You hear the rusting of a drain nearby.
The adder misses you. The goblin barely misses you.
The adder bites you but does no damage.
You hit the adder.
You kill the adder!
The goblin hits you with a +0 dagger.
Your Fighting skill increases to level 4!
HP[-1]
You take 1 damage, and now have 18/29 hp.
You hit the goblin.
You kill the goblin!
An adder comes into view.
The adder closely misses you.
You see here a +0 dagger {short}.
The adder bites you.
HP[-1]
You take 1 damage, and now have 17/29 hp.
You closely miss the adder.
An adder comes into view.
The adder bites you but does no damage.
You closely miss the adder. The adder bites you.
* * * LOW HITPOINT WARNING * * *
HP[-4]
You take 4 damage, and now have 13/29 hp.
The adder hisses angrily.
You hit the adder. The adder misses you.
You hit the adder but do no damage. The adder closely misses you.
You closely miss the adder. The adder misses you.
The adder closely misses you. x2
You hit the adder. The adder closely misses you. x2
HP[+1]
You hit the adder. The adder bites you.
* * * LOW HITPOINT WARNING * * *
A ball python comes into view.
The adder closely misses you. The adder barely misses you.
HP[-3]
You take 3 damage, and now have 11/29 hp.
You miss the adder. The adder barely misses you. The adder bites you.
* * * LOW HITPOINT WARNING * * *
HP[-4]
You take 4 damage, and now have 7/29 hp.
You hit the adder but do no damage. The adder barely misses you.
The adder misses you. The adder bites you but does no damage.
You hit the adder. The adder misses you. The adder closely misses you.
You barely miss the adder. The adder closely misses you.
You closely miss the adder. The adder closely misses you.
The ball python barely misses you. The ball python closely misses you.
The adder closely misses you. The adder bites you.
* * * LOW HITPOINT WARNING * * *
HP[-4]
You take 4 damage, and now have 3/29 hp.
You miss the adder. The ball python completely misses you.
The ball python grabs you. The ball python constricts you.
* * * LOW HITPOINT WARNING * * *
The adder bites you.
You die...

Skill      XL: |  1  2  3  4 |
---------------+-------------+-----
Fighting       | 1 2 3 4 |  4.1
Short Blades   | |  1.3
Dodging        | |  2.4
Stealth        | |  4.0
Spellcasting   | |  2.1
Hexes          | |  3.0

Action                   |  1- 3 |  4- 6 || total
-------------------------+-------+-------++-------
Melee: Dagger            |    74 |    40 ||   114
       Punch             |     1 |       ||     1
 Stab: Sleeping          |    21 |     4 ||    25
Armor: Robe              |     5 |    11 ||    16
Dodge: Dodged            |    34 |    39 ||    73

Levels and vault maps discovered:
D:1:      doesnt_arrival_eight_statues, layout_basic,
          shapermc_ecumenical_altar_mp_urbaneastern
D:2:      layout_loops_cross, serial_shops, shop, uniq_crazy_yiuf_cottage
D:3:      layout_loops_ring, serial_shops, shop, lightli_sewer_entry_pipes,
          uniq_sigmund

Notes
Turn   | Place    | Note
-------+----------+-------------------------------------------
     0 | D:1      | zeratav the Kobold Enchanter began the quest for the Orb.
     0 | D:1      | Reached XP level 1. HP: 10/10 MP: 3/3
     0 | D:1      | magus.rc [v1.9.6]
    39 | D:1      | Reached skill level 1 in Fighting
    76 | D:1      | Reached XP level 2. HP: 16/16 MP: 5/5
   187 | D:1      | Reached skill level 2 in Fighting
   234 | D:1      | Reached XP level 3. HP: 21/22 MP: 6/6
   377 | D:1      | Reached skill level 3 in Fighting
   785 | D:1      | Found a faded altar of an unknown god.
  1556 | D:2      | Reached XP level 4. HP: 28/28 MP: 7/7
  1649 | D:2      | Noticed a scorpion
  1689 | D:2      | Found Kulouhon's Armour Boutique.
  1806 | D:2      | Found a runed translucent door.
  1809 | D:2      | Noticed Crazy Yiuf
  2191 | D:3      | Reached skill level 4 in Fighting
  2201 | D:3      | HP: 7/29 [adder (4)]
  2205 | D:3      | HP: 3/29 [adder (4)]
  2206 | D:3      | Slain by an adder

Vanquished Creatures
  A gnoll (D:1)
  An adder (D:3)
  2 dart slugs (D:1)
  2 orcs (D:3)
  6 bats
  5 endoplasms
  2 giant cockroaches
  5 hobgoblins
  4 ball pythons
  5 frilled lizards (D:1)
  4 goblins
  3 kobolds
  4 rats
44 creatures vanquished.

Vanquished Creatures (others)
  A fungus (D:1)
  A plant (D:1)
2 creatures vanquished.

Grand Total: 46 creatures vanquished

Table legend:
 A = Non-vault XP
 B = Vault XP
 C = Vault XP percentage of total XP
 D = Non-vault monster count
 E = Vault monster count
 F = Vault count percentage of total count
                 A         B        C        D         E       F
            +---------+---------+-------+---------+---------+-------
      Total |     100 |       0 |   0.0 |      44 |       0 |   0.0
            +---------+---------+-------+---------+---------+-------
        D:1 |      60 |       0 |   0.0 |      28 |       0 |   0.0
        D:2 |      12 |       0 |   0.0 |       7 |       0 |   0.0
        D:3 |      28 |       0 |   0.0 |       9 |       0 |   0.0
            +---------+---------+-------+---------+---------+-------

Illustrated notes

Table legend:
 A = Kills in this place as a percentage of kills in entire the game.
 B = Kills by you in this place as a percentage of kills by you in the entire game.
 C = Kills by friends in this place as a percentage of kills by friends in the entire game.
 D = Other kills in this place as a percentage of other kills in the entire game.
 E = Experience gained in this place as a percentage of experience gained in the entire game.
 F = Experience gained in this place divided by the number of levels of this place that you have seen.
                   A       B       C       D       E      F
               +-------+-------+-------+-------+-------+----------------------
         Total | 100.0 | 100.0 |   N/A |   N/A | 100.0 |  33.3
       Dungeon | 100.0 | 100.0 |   N/A |   N/A | 100.0 |  33.3
               +-------+-------+-------+-------+-------+----------------------

Table legend: (Time is in decaauts)
 A = Elapsed time spent in this place.
 B = Non-inter-level travel time spent in this place.
 C = Inter-level travel time spent in this place.
 D = Time resting spent in this place.
 E = Time spent auto-exploring this place.
 F = Levels seen in this place.
 G = Mean time per level.
                   A        B        C        D        E       F      G
               +--------+--------+--------+--------+--------+-----+--------+
         Total |   2197 |   2082 |    115 |      0 |   1726 |   3 |  732.3 |
       Dungeon |   2197 |   2082 |    115 |      0 |   1726 |   3 |  732.3 |
               +--------+--------+--------+--------+--------+-----+--------+

Top non-repeatable levels by time:
     D:1: 1117 daAuts
     D:2: 861 daAuts
     D:3: 218 daAuts
